 Dungeon Crawl Stone Soup version 0.21.1-1-g345015fe64 (webtiles) character file.

6372 Oravi the Slinger (level 11, -9/120 HPs)
             Began as a Halfling Hunter on Apr 19, 2018.
             Was a High Priest of Okawaru.
             Mangled by a two-headed ogre
             ... wielding a +0 giant spiked club
              (22 damage)
             ... on level 10 of the Dungeon.
             The game lasted 00:41:45 (9265 turns).

Oravi the Slinger (Halfling Hunter)                 Turns: 9265, Time: 00:41:46

Health: -9/120     AC: 25    Str: 18    XL:     11   Next: 17%
Magic:  11/11      EV:  3    Int: 12    God:    Okawaru [*****.]
Gold:   506        SH:  0    Dex: 19    Spells: 10/10 levels left

rFire    . . .     SeeInvis .   a - +2 hunting sling (velocity)
rCold    . . .     Gourm    .   (shield restricted)
rNeg     + + +     Faith    .   (armour currently unavailable)
rPois    +         Spirit   .   (helmet currently unavailable)
rElec    .         Reflect  .   (cloak currently unavailable)
rCorr    .         Harm     .   (gloves currently unavailable)
MR       .....     NoTele   +   (boots currently unavailable)
Stlth    +.........             (no amulet)
HPRegen  0.30/turn              n - +3 ring of intelligence
MPRegen  0.12/turn              (no ring)

@: confused, mighty, tree-form, heroism
A: small, mutation resistance 1
a: Heroism, Finesse, Renounce Religion


You were on level 10 of the Dungeon.
You worshipped Okawaru.
Okawaru was extremely pleased with you.
You were hungry.
You were a tree.
You visited 2 branches of the dungeon, and saw 11 of its levels.

You collected 506 gold pieces.

Inventory:

Hand Weapons
 a - a +2 hunting sling of velocity (weapon)
 b - a +0 short sword
 g - a +2 hunting sling of flaming
 v - a +0 rapier
Missiles
 d - 184 sling bullets (quivered)
 h - 139 stones
Armour
 o - a +2 leather armour of magic resistance
 t - the +1 robe "Peteg" {rPois Regen+ Dex-5 Stlth+}
   (You found it on level 4 of the Dungeon)

   It affects your dexterity (-5).
   It protects you from poison.
   It increases your rate of regeneration.
   It makes you more stealthy.
 u - the +6 leather armour of the Forest (melded) {MP+9 Dex+2}
   (You found it on level 10 of the Dungeon)

   It affects your dexterity (+2).
   It affects your magic capacity (+9).
 w - a +3 leather armour of cold resistance
 y - a +0 helmet (melded)
 C - a +1 pair of boots (melded)
Jewellery
 n - a +3 ring of intelligence (left branch)
Wands
 e - a wand of iceblast (27)
 l - a wand of clouds (6)
 q - a wand of flame (16)
Scrolls
 j - 6 scrolls of remove curse
Potions
 c - a potion of haste
 i - a potion of cancellation
 k - 3 potions of invisibility
 m - a potion of might
 p - 3 potions of flight
 s - a potion of brilliance
Comestibles
 f - 17 rations


   Skills:
 + Level 9.5(14.5) Fighting
 * Level 5.5(10.5) Short Blades
 - Level 12.5(17.5) Slings
 + Level 4.3(9.3) Armour
 * Level 8.5(13.5) Dodging
 - Level 1.1(6.1) Stealth
 + Level 0.1 Invocations


You had 10 spell levels left.
You didn't know any spells.

Dungeon Overview and Level Annotations

Branches:
Dungeon (10/15)            Temple (1/1) D:6
   Lair: D:8-11         Orc: D:9-12

Altars:
Ashenzari
Cheibriados
Dithmenos
Elyvilon
Fedhas
Gozag
Hepliaklqana
Kikubaaqudgha
Makhleb
Nemelex Xobeh
Okawaru
Qazlal
Ru
Sif Muna
Trog
Uskayaw
Vehumet
Wu Jian
Xom
Yredelemnul
Zin
The Shining One

Shops:
D:5 }

Annotations:
D:6 CInkIbrahim's ghost, novice OpGl
D:8 Grum; martbhell's ghost, novice MiBe


Innate Abilities, Weirdness & Mutations

You are small and have problems with some larger weapons.
You are somewhat resistant to further mutation.


Message History

You shoot a sling bullet.
The sling bullet hits the two-headed ogre but does no damage.
The two-headed ogre is almost dead.
The two-headed ogre hits you with a giant spiked club.
* * * LOW HITPOINT WARNING * * *
The two-headed ogre hits you but does no damage.
Firing (i - inventory. (,) - cycle):
d - 185 sling bullets (quivered)
Press: ? - help, Shift-Dir - straight line, f/p - two-headed ogre
Aim: a two-headed ogre, wielding two giant spiked clubs (almost dead)
You shoot a sling bullet.
The sling bullet hits the two-headed ogre.
The two-headed ogre is almost dead.
Something hits you but does no damage. Something hits you.
* * * LOW HITPOINT WARNING * * *
You are confused.
You feel invigorated. Something hits you but does no damage.
Something hits you.
* * * LOW HITPOINT WARNING * * *
The two-headed ogre hits you with a giant spiked club!!
You die...

#..........#
####
#..........#
#..........#
#..........#
#..........#
#............
#..........##
####.#######
#(..O♣#
######{######
.............#
.............#
.............+
.............#
.............#
.............#
##############


You could see a two-headed ogre.

Vanquished Creatures
  A two-headed ogre (D:8)
  An unseen horror (D:10)
  Pikel (D:6)
  A hornet (D:8)
  2 hippogriffs (D:10)
  Eustachio (D:4)
  A hungry ghost (D:9)
  Menkaure (D:3)
  Duvessa (D:4)
  A slave (D:6)
  A hornet zombie (D:8)
  4 orc warriors
  An ice beast (D:9)
  A phantom (D:4)
  2 sky beasts
  6 ogres
  4 wolves
  2 centaurs
  A big kobold (D:8)
  9 bullfrogs
  Dowan (D:4)
  2 scorpions
  4 howler monkeys
  2 crimson imps
  A bullfrog zombie (D:7)
  4 hounds
  A centaur skeleton (D:4)
  6 orc priests
  A bullfrog skeleton (D:8)
  Jessica (D:2)
  4 iguanas
  5 orc wizards
  A hound zombie (D:8)
  A worker ant zombie (D:8)
  7 gnolls
  8 adders
  A shadow imp (D:5)
  5 oozes
  2 adder skeletons
  An adder zombie (D:7)
  2 worms (D:2)
  2 dart slugs
  4 leopard geckos
  28 orcs
  9 giant cockroaches
  4 goblins
  6 hobgoblins
  10 jackals
  3 quokkas
  6 ball pythons
  4 bats
  A frilled lizard (D:2)
  10 kobolds
  6 rats
195 creatures vanquished.

Vanquished Creatures (others)
  2 slaves (D:6)
  A crimson imp (D:6)
  A giant cockroach (D:6)
4 creatures vanquished.

Grand Total: 199 creatures vanquished

Notes
Turn   | Place    | Note
-------+----------+-------------------------------------------
     0 | D:1      | Oravi the Halfling Hunter began the quest for the Orb.
     0 | D:1      | Reached XP level 1. HP: 14/14 MP: 1/1
    60 | D:1      | Reached skill level 6 in Slings
   184 | D:1      | Reached XP level 2. HP: 19/19 MP: 2/2
   638 | D:1      | Reached XP level 3. HP: 24/24 MP: 3/3
   975 | D:2      | Reached skill level 7 in Slings
  1227 | D:2      | Noticed Jessica
  1233 | D:2      | Killed Jessica
  1233 | D:2      | Reached XP level 4. HP: 16/29 MP: 4/4
  1551 | D:2      | Found a glowing golden altar of the Shining One.
  1559 | D:2      | Found an iron altar of Okawaru.
  1563 | D:2      | Became a worshipper of Warmaster Okawaru
  1567 | D:2      | Found a basalt altar of Yredelemnul.
  1593 | D:2      | Found a stormy altar of Qazlal.
  1604 | D:2      | Found a blossoming altar of Fedhas.
  2061 | D:3      | Reached XP level 5. HP: 35/35 MP: 5/5
  2122 | D:3      | Reached skill level 1 in Armour
  2203 | D:3      | Reached skill level 8 in Slings
  2814 | D:4      | Noticed Menkaure
  2820 | D:3      | Killed Menkaure
  2820 | D:3      | Reached skill level 9 in Slings
  2820 | D:3      | Reached XP level 6. HP: 41/41 MP: 6/6
  2924 | D:4      | Noticed Duvessa
  2931 | D:4      | Noticed Dowan
  2938 | D:4      | Killed Duvessa
  2938 | D:4      | Reached * piety under Okawaru
  2938 | D:4      | Reached XP level 7. HP: 34/46 MP: 7/7
  2942 | D:4      | Killed Dowan
  3176 | D:4      | Noticed Eustachio
  3200 | D:4      | Killed Eustachio
  3200 | D:4      | Reached skill level 10 in Slings
  3385 | D:4      | Reached ** piety under Okawaru
  3385 | D:4      | Reached XP level 8. HP: 52/52 MP: 8/8
  3442 | D:4      | Got a distressingly furry robe
  3453 | D:4      | Identified the +1 robe "Peteg" {rPois Regen+ Dex-5 Stlth+} (You found it on level 4 of the Dungeon)
  3721 | D:4      | Reached skill level 11 in Slings
  3870 | D:5      | Entered Level 5 of the Dungeon
  4171 | D:5      | Reached skill level 5 in Dodging
  4485 | D:5      | Found an opulent altar of Gozag.
  4521 | D:5      | Found Icry's Gadget Shop.
  4715 | D:6      | Noticed Pikel
  4737 | D:6      | Killed Pikel
  4737 | D:6      | Reached skill level 12 in Slings
  4737 | D:6      | Reached XP level 9. HP: 46/60 MP: 9/9
  4855 | D:6      | Reached *** piety under Okawaru
  4868 | D:6      | Found a staircase to the Ecumenical Temple.
  4890 | Temple   | Entered the Ecumenical Temple
  4960 | D:6      | Reached skill level 5 in Fighting
  5013 | D:6      | Noticed CInkIbrahim's ghost (novice OpGl)
  5119 | D:6      | Found a deep blue altar of Sif Muna.
  5963 | D:7      | Reached skill level 1 in Short Blades
  6234 | D:7      | Received a gift from Okawaru
  6459 | D:8      | Reached XP level 10. HP: 69/69 MP: 10/10
  6559 | D:8      | Noticed martbhell's ghost (novice MiBe)
  6620 | D:8      | Noticed a two-headed ogre
  6634 | D:8      | Killed a two-headed ogre
  6634 | D:8      | Reached **** piety under Okawaru
  6634 | D:8      | Received a gift from Okawaru
  6989 | D:8      | Noticed Grum
  8199 | D:9      | Reached ***** piety under Okawaru
  8673 | D:10     | Entered Level 10 of the Dungeon
  8680 | D:10     | Reached XP level 11. HP: 80/80 MP: 11/11
  8708 | D:10     | Reached skill level 5 in Short Blades
  8743 | D:10     | Received a gift from Okawaru
  8786 | D:10     | Paralysed by a hornet for 3 turns
  9009 | D:10     | Noticed a two-headed ogre
  9116 | D:10     | Killed an unseen horror
  9167 | D:10     | Got a brightly glowing leather armour
  9178 | D:10     | Identified the +6 leather armour of the Forest {MP+9 Dex+2} (You found it on level 10 of the Dungeon)
  9265 | D:10     | Mangled by a two-headed ogre

Skill      XL: |  1  2  3  4  5  6  7  8  9 10 11 |
---------------+----------------------------------+-----
Slings         | 6 7 9 10 12 | 12.5
Fighting       | 2 3 4 6 9 |  9.5
Armour         | 1 2 3 4 |  4.3
Dodging        | 3 4 5 7 8 |  8.5
Short Blades   | 1 4 5 |  5.5
Stealth        | |  1.1
Invocations    | |  0.1

Action                   |  1- 3 |  4- 6 |  7- 9 | 10-12 || total
-------------------------+-------+-------+-------+-------++-------
Melee: Short sword       |       |       |       |    11 ||    11
 Fire: Hunting sling     |   101 |   145 |   370 |   331 ||   947
Invok: Heroism           |       |       |       |     2 ||     2
  Use: Scroll            |       |     7 |     9 |     2 ||    18
       Potion            |       |       |       |     9 ||     9
  Eat: Chunk             |     1 |     5 |    10 |     4 ||    20
       Ration            |       |       |       |     1 ||     1
Armor: Leather armour    |     4 |     1 |    14 |    40 ||    59
       Skin              |       |       |       |    27 ||    27
Dodge: Dodged            |    25 |    21 |    61 |   167 ||   274
